 Dungeon Crawl Stone Soup version 0.30-a0-920-g7493c07aab (webtiles) character file.

Game seed: 14715230179578679344

1 jasper the Magician (level 1, 0/14 HPs)
             Began as a Draconian Hedge Wizard on Mar 21, 2023.
             Slain by a kobold
             ... wielding a +0 war axe
              (3 damage)
             ... on level 1 of the Dungeon.
             The game lasted 00:00:58 (46 turns).

jasper the Magician (Draconian Hedge Wizard)          Turns: 46, Time: 00:00:58

Health: 0/14       AC:  4    Str: 12    XL:     1   Next: 16%
Magic:  1/4        EV: 12    Int: 14    God:
Gold:   0          SH:  0    Dex: 10    Spells: 5/6 levels left

rFire   . . .      SeeInvis .    a - +0 dagger
rCold   . . .      Faith    .    (no shield)
rNeg    . . .      Spirit   .    (body armour unavailable)
rPois   .          Reflect  .    b - +0 hat
rElec   .          Rampage  .    (no cloak)
rCorr   .                        (no gloves)
Will    .....                    (no boots)
Stlth   ++                       (no amulet)
HPRegen 0.22/turn                (no ring)
MPRegen 0.09/turn                (no ring)

@: no status effects
A: AC +4, unfitting armour, cold-blooded
a: no special abilities


You were on level 1 of the Dungeon.
You visited 1 branch of the dungeon, and saw 1 of its levels.

Inventory:

Hand Weapons
 a - a +0 dagger (weapon)
Armour
 b - a +0 hat (worn)
Potions
 c - a potion of magic


   Skills:
 - Level 1.7 Dodging
 - Level 1.7 Stealth
 + Level 3.0 Spellcasting
 - Level 1.0 Conjurations
 - Level 1.0 Summonings
 - Level 1.0 Translocations


You had 5 spell levels left.
You knew the following spells:

 Your Spells              Type           Power      Damage    Failure   Level
a - Magic Dart            Conj           16%        1d3       14%         1

Your spell library contained the following spells:

 Spells                   Type           Power      Damage    Failure   Level
 Slow                     Hex            8%         N/A       22%         1
 Blink                    Tloc           8%         N/A       22%         2
 Call Imp                 Summ           4%         N/A       22%         2
 Cigotuvi's Dreadful Rot  Necr/Pois/Air  4%         N/A       32%         2
 Kindle Blastsparks       Fire/Tloc/Air  6%         2d10      50%         3
 Mephitic Cloud           Conj/Pois/Air  3%         N/A       50%         3
 Iskenderun's Mystic Bla  Conj/Tloc      4%         2d3       80%         4
 Fulminant Prism          Conj/Hex       1%         3d5       86%         4
 Lee's Rapid Deconstruct  Erth           1%         3d4*      99%         5


Dungeon Overview and Level Annotations

Branches:
Dungeon (1/15)

Altars:


Innate Abilities, Weirdness & Mutations

Your plain brown scales are hard. (AC +4)
You cannot fit into any form of body armour.
You are cold-blooded and may be slowed by cold attacks.


Message History

Health restored: 14 You hit the bat but do no damage.
Your tail-slap misses the bat.
The bat is severely wounded.
The bat barely misses you. The bat misses you.
The bat hits you but does no damage. The bat attacks as you move away!
The bat hits you but does no damage. The bat barely misses you.
The bat hits you but does no damage.
You hit the bat but do no damage.
The bat is moderately wounded.
The bat closely misses you. x2
You hit the kobold.
The kobold is severely wounded.
The bat hits you but does no damage. x3; The kobold hits you with a +0 war axe.
You take 4 damage, and have 10/14 hp.
MASSIVE DAMAGE!!
The bat hits you but does no damage. The bat barely misses you.
A giant cockroach comes into view.
The kobold closely misses you.
Aiming: Magic Dart (safe; 14% risk of failure)
Press: ? - help, Q - select action Shift-Dir - straight line, f/p - kobold
Aim: a kobold, wielding a +0 war axe and quivering stones (severely wounded, 100% to hit)
The magic dart hits the kobold but does no damage.
The kobold is severely wounded.
The bat hits you but does no damage. The kobold hits you with a +0 war axe.
You take 1 damage, and have 9/14 hp.
You now have 0/4 mp.
You hit the kobold but do no damage.
The kobold is severely wounded.
The bat hits you but does no damage. The kobold hits you but does no damage.
You closely miss the kobold.
The kobold is severely wounded.
The bat hits you but does no damage. The kobold hits you but does no damage.
You completely miss the kobold.
The kobold is moderately wounded.
The bat barely misses you. The kobold hits you with a +0 war axe!
Ouch! That really hurt!
* * * LOW HITPOINT WARNING * * *
You take 6 damage, and have 3/14 hp.
MASSIVE DAMAGE!!
You hit the kobold.
The kobold is severely wounded.
The bat closely misses you. The kobold hits you with a +0 war axe.
You die...

. #.........# .. #.
#.........#
..##.#########....#
#.....#..>.....##.#
........>......#..#
...............#.##
..........###..#.#
..?.......#<#..#K#
................@#
................##
...............B...
.......!...........
.####..............
....).......#.....
..........>........
.....................
...?..........#.


You could see a giant cockroach and a kobold.

Vanquished Creatures
  A goblin (D:1)
1 creature vanquished.

Notes
Turn   | Place    | Note
-------+----------+-------------------------------------------
     0 | D:1      | jasper the Draconian Hedge Wizard began the quest for the
                  | Orb.
     0 | D:1      | Reached XP level 1. HP: 14/14 MP: 4/4
    46 | D:1      | Slain by a kobold

Illustrated notes

Levels and vault maps discovered:
D:1:      saegor_arrival_simple_a, layout_rooms, glass_columns_a

Action                     || total
---------------------------++-------
  Melee: Dagger            ||    18
   Cast: Magic Dart        ||     5
 Armour: Skin              ||    26
  Dodge: Dodged            ||    47

Table legend: (Time is in decaauts)
 A = Elapsed time spent in this place.
 B = Non-inter-level travel time spent in this place.
 C = Inter-level travel time spent in this place.
 D = Time resting spent in this place.
 E = Time spent auto-exploring this place.
 F = Levels seen in this place.
 G = Mean time per level.
                   A        B        C        D        E       F      G
               +--------+--------+--------+--------+--------+-----+--------+
         Total |     46 |     46 |      0 |      0 |      1 |   1 |   46.0 |
       Dungeon |     46 |     46 |      0 |      0 |      1 |   1 |   46.0 |
               +--------+--------+--------+--------+--------+-----+--------+

Top non-repeatable levels by time:
     D:1: 46 daAuts
